 Dungeon Crawl Stone Soup version 0.26-a0-580-g4860111 (webtiles) character file.

Game seed: 5458738272952925663

14172 Hazorath the Slicer (level 12, -11/80 HPs)
             Began as a Kobold Brigand on Aug 23, 2020.
             Was the Champion of Okawaru.
             Mangled by a freezing wraith (17 damage)
             ... led by a death knight
             ... on level 10 of the Dungeon.
             The game lasted 00:42:12 (11211 turns).

Hazorath the Slicer (Kobold Brigand)               Turns: 11211, Time: 00:42:14

Health: -11/80     AC: 12    Str: 12    XL:     12   Next: 41%
Magic:  16/16      EV: 30    Int: 12    God:    Okawaru [******]
Gold:   411        SH: 11    Dex: 21    Spells: 11/11 levels left

rFire    . . .     SeeInvis .   l - +2 long sword (flame)
rCold    . . .     Faith    .   I - +2 buckler {reflect}
rNeg     . . .     Spirit   .   q - +3 leather armour of Fortification {Str+3}
rPois    .         Reflect  +   h - +2 hat
rElec    .         Harm     .   c - +0 cloak
rCorr    .                      t - +0 pair of gloves
MR       +....                  w - +0 pair of boots
Stlth    ++++++....             (no amulet)
HPRegen  0.23/turn              f - +4 ring of evasion
MPRegen  0.15/turn              z - ring of protection from magic

@: heroism, slowed, very slow
A: small, nightstalker 3
a: Heroism, Finesse, Renounce Religion


You were on level 10 of the Dungeon.
You worshipped Okawaru.
Okawaru was exalted by your worship.
You visited 2 branches of the dungeon, and saw 12 of its levels.
You also visited: Ice Cave.

You collected 411 gold pieces.

Inventory:

Hand Weapons
 a - a +3 short sword of protection
 d - a +4 falchion
 l - a +2 long sword of flaming (weapon)
Missiles
 n - 35 poisoned darts
 r - 11 curare-tipped darts (quivered)
 s - 8 atropa-tipped darts
 L - 2 datura-tipped darts
Armour
 b - the +3 leather armour "Hexar" {rC- MR++}
   (You found it on level 5 of the Dungeon)

   It makes you vulnerable to cold.
   It affects your resistance to hostile enchantments.
 c - a +0 cloak (worn)
 h - a +2 hat (worn)
 q - the +3 leather armour of Fortification (worn) {Str+3}
   (You found it on level 5 of the Dungeon)

   It affects your strength (+3).
 t - a +0 pair of gloves (worn)
 w - a +0 pair of boots (worn)
 I - a +2 buckler of reflection (worn)
Jewellery
 f - a +4 ring of evasion (left hand)
 z - a ring of protection from magic (right hand)
 M - an uncursed ring of ice
Wands
 j - a wand of flame (41)
 B - a wand of iceblast (7)
 E - a wand of polymorph (7)
 F - a wand of enslavement (5)
 G - a wand of paralysis (6)
 K - a wand of digging (4)
Scrolls
 e - 2 scrolls of magic mapping
 g - 3 scrolls of amnesia
 k - 2 scrolls of teleportation
 p - 3 scrolls of enchant armour
 u - 3 scrolls of fear
 x - a scroll of noise {unknown}
 y - a scroll of enchant weapon
 A - a scroll of remove curse {unknown}
 C - a scroll of blinking
 D - 2 scrolls of brand weapon {unknown}
Potions
 i - a potion of heal wounds
 m - 2 potions of cancellation
 o - 4 potions of curing
 v - a potion of brilliance
 H - a potion of magic {unknown}
 J - a potion of flight {unknown}


   Skills:
 * Level 11.1(16.1) Fighting
 * Level 12.9(17.9) Short Blades
 - Level 5.5(10.5) Throwing
 - Level 2.3(7.3) Armour
 * Level 8.1(13.1) Dodging
 - Level 5.3(10.3) Stealth
 - Level 5.6(10.6) Shields
 * Level 5.7 Invocations
 + Level 5.2 Evocations


You had 11 spell levels left.
You didn't know any spells.
Your spell library contained the following spells:

 Spells                   Type           Power        Failure   Level
 Apportation              Tloc           #.....       38%         1
 Confusing Touch          Hex            #.......     77%         3
 Gell's Gravitas          Tloc           #.........   77%         3
 Static Discharge         Conj/Air       #.......     77%         3
 Passage of Golubria      Tloc           N/A          99%         4
 Petrify                  Tmut/Erth      #.......     99%         4
 Metabolic Englaciation   Hex/Ice        #.........   100%        5
 Yara's Violent Unravell  Hex/Tmut       #.........   100%        5
 Tornado                  Air            #.........   100%        9


Dungeon Overview and Level Annotations

Branches:
Dungeon (11/15)            Temple (1/1) D:6            Lair (0/6) D:11
    Orc (0/2) D:11          IceCv (visited)

Altars:
Ashenzari
Cheibriados
Dithmenos
Fedhas
Hepliaklqana
Kikubaaqudgha
Makhleb
Okawaru
Qazlal
Ru
Sif Muna
Trog
Xom
Yredelemnul
The Shining One

Shops:
D:4 (


Innate Abilities, Weirdness & Mutations

You are small and have problems with some larger weapons.
You are completely attuned to the shadows.


Message History

You block the freezing wraith's attack.
The phantasmal warrior completely misses you.
You closely miss the freezing wraith.
The freezing wraith is heavily damaged.
The freezing wraith misses you. You block the freezing wraith's attack.
The phantasmal warrior completely misses you.
You closely miss the freezing wraith.
The freezing wraith is heavily damaged.
You block the freezing wraith's attack. The freezing wraith closely misses you.
The phantasmal warrior hits you! The freezing wraith hits you.
The freezing wraith freezes you!
The freezing wraith hits you but does no damage.
You hit the freezing wraith. You burn the freezing wraith.
The freezing wraith is heavily damaged.
The phantasmal warrior hits you!!
* * * LOW HITPOINT WARNING * * *
The freezing wraith hits you!
* * * LOW HITPOINT WARNING * * *
The freezing wraith freezes you!
You die...

......###............#...........
...............###.......###....#
#####...........# ........#.....#
###...#..#..# #...#..#..#..#
#####..#######...#######..#
#...#..#Z.#...#.†#..#...
#......#.........#......
.......###.......###.....
....###..@W..###......###. ....
#....W...#........#.. .#
#..#..#.$#[.#..#..#..
####..#######..######
#†.#..#..#..#..#.)#.. ...
#......†.#........#..
...###......###......###.
#......###.......###.....
........#.........#......


You could see a phantasmal warrior and a freezing wraith.

Vanquished Creatures
  Gastronok (D:9)
  Fannar (D:11)
  2 two-headed ogres (D:9)
  A hydra (D:10)
  Nergalle (D:11)
  An unseen horror (D:10)
  A gargoyle (D:10)
  Maggie (D:6)
  A komodo dragon (D:10)
  2 rime drakes (D:11)
  A freezing wraith (D:9)
  A polar bear (IceCv)
  6 hippogriffs
  A hornet (D:9)
  2 wyverns
  7 yaks
  Grum (D:9)
  2 ice beasts
  A sky beast (D:8)
  7 ogres
  An orc warrior (D:8)
  4 wolves
  7 centaurs
  A big kobold (D:9)
  5 bullfrogs
  2 wyvern skeletons
  4 scorpions
  15 killer bees
  5 wights
  3 howler monkeys
  A quasit (D:8)
  2 bullfrog skeletons
  2 hounds
  A jelly (D:10)
  An orc priest (D:9)
  A gnoll shaman (D:9)
  2 iguanas
  5 orc wizards
  6 worker ants
  A mummy (D:6)
  2 worker ant zombies
  Robin (D:2)
  8 adders
  11 gnolls
  A white imp (D:8)
  6 ufetubi
  An ooze (D:1)
  3 adder skeletons
  A worm (D:2)
  4 leopard geckos
  8 orcs
  3 bats (D:2)
  5 giant cockroaches
  8 goblins (D:2)
  5 hobgoblins (D:2)
  4 jackals
  6 quokkas
  3 frilled lizards
  5 kobolds (D:9)
  A leopard gecko skeleton (D:7)
  3 rats
199 creatures vanquished.

Vanquished Creatures (others)
  A bat (D:3)
1 creature vanquished.

Grand Total: 200 creatures vanquished

Notes
Turn   | Place    | Note
-------+----------+-------------------------------------------
     0 | D:1      | Hazorath the Kobold Brigand began the quest for the Orb.
     0 | D:1      | Reached XP level 1. HP: 12/12 MP: 1/1
    42 | D:2      | Noticed Robin
    44 | D:2      | Reached skill level 3 in Short Blades
    44 | D:2      | Reached XP level 2. HP: 18/18 MP: 2/2
    48 | D:2      | Killed Robin
    69 | D:2      | Reached XP level 3. HP: 10/22 MP: 3/3
   710 | D:2      | Found a shimmering altar of Xom.
   999 | D:2      | Reached XP level 4. HP: 28/28 MP: 4/4
  1182 | D:4      | Noticed an ogre
  1188 | D:4      | Killed an ogre
  1188 | D:4      | Reached skill level 4 in Short Blades
  1188 | D:4      | Reached XP level 5. HP: 32/32 MP: 5/5
  1426 | D:4      | You fall into a shaft and drop 2 floors!
  1434 | D:6      | Noticed an ogre
  1456 | D:6      | Killed an ogre
  1456 | D:6      | Reached XP level 6. HP: 33/38 MP: 6/6
  1550 | D:6      | Noticed Maggie
  1587 | D:6      | HP: 1/57 [Maggie/bolt of fire (4)]
  1588 | D:6      | Killed Maggie
  1588 | D:6      | Reached skill level 5 in Short Blades
  1588 | D:6      | Reached XP level 7. HP: 2/44 MP: 7/7
  1907 | D:5      | Entered Level 5 of the Dungeon
  1998 | D:5      | Reached skill level 5 in Fighting
  1998 | D:5      | Reached skill level 6 in Short Blades
  1998 | D:5      | Reached skill level 5 in Throwing
  2422 | D:4      | Reached XP level 8. HP: 41/49 MP: 8/8
  2553 | D:4      | Found Inos's Weapon Shoppe.
  2945 | D:5      | Found a shattered altar of Ashenzari.
  2971 | D:5      | Got a steaming leather armour
  2982 | D:5      | Identified the +3 leather armour of Fortification {Str+3}
                  | (You found it on level 5 of the Dungeon)
  3004 | D:5      | Got a steaming leather armour
  3015 | D:5      | Identified the +3 leather armour "Hexar" {rC- MR++} (You
                  | found it on level 5 of the Dungeon)
  3029 | D:5      | Identified Sif Muna's Compendium of Unstable Weightlessness
  3828 | D:6      | Reached skill level 1 in Armour
  3840 | D:6      | Reached skill level 7 in Short Blades
  4121 | D:6      | Found a staircase to the Ecumenical Temple.
  4128 | Temple   | Entered the Ecumenical Temple
  4330 | Temple   | Became a worshipper of Warmaster Okawaru
  4852 | D:8      | Reached XP level 9. HP: 8/56 MP: 9/9
  5196 | D:8      | Reached * piety under Okawaru
  5196 | D:8      | Reached skill level 8 in Short Blades
  5478 | D:8      | Reached skill level 1 in Shields
  5811 | D:8      | Reached skill level 1 in Invocations
  6050 | D:8      | Noticed a hippogriff
  6078 | D:8      | Killed a hippogriff
  6104 | D:8      | Reached ** piety under Okawaru
  6104 | D:8      | Reached skill level 9 in Short Blades
  6946 | D:9      | Noticed a two-headed ogre
  6963 | D:9      | Killed a two-headed ogre
  6963 | D:9      | Reached *** piety under Okawaru
  6963 | D:9      | Reached XP level 10. HP: 64/64 MP: 10/12
  7008 | D:9      | Found a bloodstained altar of Trog.
  7099 | D:9      | Reached skill level 10 in Short Blades
  7122 | D:9      | Noticed Grum
  7151 | D:9      | Killed Grum
  7374 | D:9      | Noticed Gastronok
  7415 | D:10     | Entered Level 10 of the Dungeon
  7676 | D:9      | Killed Gastronok
  7676 | D:9      | Reached **** piety under Okawaru
  7676 | D:9      | Received a gift from Okawaru
  7676 | D:9      | Reached skill level 11 in Short Blades
  7676 | D:9      | Reached skill level 5 in Dodging
  7676 | D:9      | Reached XP level 11. HP: 45/71 MP: 13/13
  7901 | D:9      | Reached skill level 5 in Shields
  8293 | D:9      | Reached ***** piety under Okawaru
  8441 | D:9      | Received a gift from Okawaru
  8797 | D:9      | Reached skill level 10 in Fighting
  8825 | D:9      | Noticed a two-headed ogre
  8856 | D:9      | Killed a two-headed ogre
  9727 | D:10     | Reached skill level 12 in Short Blades
 10170 | D:10     | Noticed a five-headed hydra
 10175 | D:10     | Killed an unseen horror
 10175 | D:10     | Received a gift from Okawaru
 10304 | D:10     | Killed a two-headed hydra
 10306 | D:10     | Reached XP level 12. HP: 53/79 MP: 13/15
 10316 | D:10     | Noticed a death knight
 10525 | D:11     | Found a frozen archway.
 10551 | IceCv    | Entered an ice cave
 10583 | IceCv    | Reached skill level 5 in Invocations
 10859 | D:11     | Noticed Nergalle
 10862 | D:11     | Killed Nergalle
 10873 | D:11     | Reached skill level 5 in Evocations
 10877 | D:11     | Noticed Fannar
 10890 | D:11     | Killed Fannar
 10890 | D:11     | Received a gift from Okawaru
 10890 | D:11     | Reached ****** piety under Okawaru
 11117 | D:10     | Received a gift from Okawaru
 11211 | D:10     | Mangled by a freezing wraith

Illustrated notes

Levels and vault maps discovered:
D:1:      giann_bridges, layout_basic, solitary_fountain, grunt_decor_arrowhead,
          minmay_tetromino_s4
D:2:      minmay_inner_zag, layout_loops_ring, old_standard_altar,
          hangedman_abyss_or_decor_lesser_grid, minmay_between, uniq_robin
D:3:      layout_loops_ring, elyvilon_altar_4, grunt_temple_overflow_open,
          nicolae_gozag_cash_rules_everything_around_me, minmay_misc_feat_iff
D:4:      layout_rooms, serial_shops, nicolae_shop_window_shopping
D:5:      layout_cave_pods, kennysheep_mini
D:6:      layout_gridville, minmay_temple_entry_statues_fountains,
          gup_ossuary_entry_pyramid, uniq_pikel, uniq_maggie, uniq_edmund
D:7:      cheibrodos_iron_armory, layout_cave_pools, kennysheep_little_box,
          basic_altar, makhleb_heckhound_becter
D:8:      layout_basic
D:9:      minmay_octagon_keep, layout_loops_ring, bloody_trog, uniq_gastronok,
          uniq_grum
D:10:     hangedman_cross_cluster, layout_layer_cave
D:11:     layout_long_grid, erik_lair_dragon, minmay_orc_entry_temple_small,
          portal_ice_cave_rime, uniq_fannar, uniq_nergalle
Temple:   chequers_temple_sunken

Skill      XL: |  1  2  3  4  5  6  7  8  9 10 11 12 |
---------------+-------------------------------------+-----
Short Blades   | 3 4 5 6 7 9 11 12 | 12.9
Fighting       | 3 4 5 6 8 9 10 11 | 11.1
Dodging        | 2 3 4 5 7 8 |  8.1
Throwing       | 3 4 5 |  5.5
Armour         | 2 |  2.3
Shields        | 3 4 5 |  5.6
Invocations    | 3 4 5 |  5.7
Evocations     | 2 4 5 |  5.2
Stealth        | |  5.3

Action                   |  1- 3 |  4- 6 |  7- 9 | 10-12 || total
-------------------------+-------+-------+-------+-------++-------
Melee: Dagger            |    41 |    41 |    16 |       ||    98
       Long sword        |       |       |   154 |   110 ||   264
       Rapier            |       |       |    26 |     1 ||    27
       Falchion          |       |       |     6 |       ||     6
       Short sword       |       |       |       |   494 ||   494
Throw: Dart              |    25 |    27 |    43 |    37 ||   132
Invok: Heroism           |       |       |       |    10 ||    10
       Finesse           |       |       |       |     1 ||     1
Evoke: Wand              |       |       |       |     2 ||     2
  Use: Scroll            |     2 |     4 |     7 |     3 ||    16
       Potion            |       |     2 |     1 |     2 ||     5
 Stab: Sleeping          |     9 |     3 |    17 |    23 ||    52
       Distracted        |       |       |     1 |     1 ||     2
Armor: Robe              |     6 |     6 |     7 |       ||    19
       Skin              |       |     4 |       |       ||     4
       Leather armour    |       |       |    61 |    68 ||   129
Dodge: Dodged            |    19 |    25 |   303 |   413 ||   760
Block: Buckler           |       |       |       |   171 ||   171
       Rpst.: Long sword |       |       |    63 |    30 ||    93
       Falchion          |       |       |     2 |       ||     2

Table legend: (Time is in decaauts)
 A = Elapsed time spent in this place.
 B = Non-inter-level travel time spent in this place.
 C = Inter-level travel time spent in this place.
 D = Time resting spent in this place.
 E = Time spent auto-exploring this place.
 F = Levels seen in this place.
 G = Mean time per level.
                   A        B        C        D        E       F      G
               +--------+--------+--------+--------+--------+-----+--------+
         Total |  10996 |  10551 |    445 |   2777 |   5573 |  13 |  845.8 |
       Dungeon |  10699 |  10283 |    416 |   2777 |   5332 |  11 |  972.6 |
        Temple |    272 |    243 |     29 |      0 |    241 |   1 |  272.0 |
      Ice Cave |     23 |     23 |      0 |      0 |      0 |   1 |   23.0 |
               +--------+--------+--------+--------+--------+-----+--------+

Top non-repeatable levels by time:
     D:8: 2028 daAuts
     D:9: 1956 daAuts
    D:10: 1407 daAuts
     D:5: 1323 daAuts
     D:2: 1119 daAuts
     D:6: 952 daAuts
     D:4: 721 daAuts
    D:11: 704 daAuts
     D:7: 433 daAuts
  Temple: 272 daAuts
     D:1: 40 daAuts
   IceCv: 23 daAuts
     D:3: 11 daAuts
